 Dungeon Crawl Stone Soup version 0.31.0-11-ge490571c62 (webtiles) character file.

Game seed: 7904495971367480980

303 Arcadio the Cudgeller (level 6, 0/39 HPs)
             Began as a Gargoyle Gladiator on Feb 3, 2024.
             Slain by an orc wizard
             ... wielding a +0 dagger
              (4 damage)
             ... on level 4 of the Dungeon.
             The game lasted 00:04:49 (3406 turns).

Arcadio the Cudgeller (Gargoyle Gladiator)          Turns: 3406, Time: 00:04:50

Health: 0/39       AC: 12    Str: 20    XL:     6   Next: 38%
Magic:  6/6        EV: 10    Int:  8    God:
Gold:   181        SH:  0    Dex: 11    Spells: 5/5 levels left

rFire   . . .        a - +0 flail
rCold   . . .        (no shield)
rNeg    + . .        t - +0 scale mail
rPois   ∞            c - +0 helmet
rElec   +            (no cloak)
rCorr   .            (no gloves)
SInv    .            (no boots)
Will    .....        h - amulet of regeneration Stlth
                     (no ring)
HPRegen 1.06/turn    (no ring)
MPRegen 0.10/turn

%: no passive effects
@: confused, mighty
A: sickness immunity, AC +4, negative energy resistance 1, electricity
resistance, torment resistance 1, petrification resistance
a: no special abilities


You were on level 4 of the Dungeon.
You visited 1 branch of the dungeon, and saw 4 of its levels.

You collected 181 gold pieces.

Inventory:

Hand Weapons
 a - a +0 flail (weapon)
Missiles
 d - 3 throwing nets (quivered)
 e - a javelin
Armour
 b - a +0 leather armour
 c - a +0 helmet (worn)
 f - a +0 ring mail
 t - a +0 scale mail (worn)
Jewellery
 h - an amulet of regeneration (around neck)
 s - an amulet of reflection
Scrolls
 j - a scroll of amnesia {unknown}
 k - a scroll of noise {unknown}
 n - 3 scrolls of fog
 o - a scroll of immolation {unknown}
 p - 3 scrolls of teleportation {unknown}
 r - 2 scrolls of identify
Potions
 g - a potion of attraction
 m - a potion of lignification
 q - a potion of mutation {unknown}


   Skills:
 + Level 4.5 Fighting
 + Level 4.6 Maces & Flails
 - Level 1.7 Throwing
 + Level 3.6 Armour
 - Level 2.4 Dodging


You had 5 spell levels left.
You didn't know any spells.
Your spell library contained the following spells:

 Spells                   Type           Power      Damage    Failure   Level
 Apportation              Tloc           0%         N/A       77%         1
 Necrotise                Necr           0%         1d4       77%         1
 Sting                    Conj/Alch      0%         1d3       77%         1
 Summon Small Mammal      Summ           0%         N/A       77%         1
 Ignite Poison            Fire/Alch      0%         N/A       100%        4
 Freezing Cloud           Conj/Ice/Air   0%         6-21      100%        5
 Cigotuvi's Dreadful Rot  Necr/Alch/Air  Unusable   N/A       N/A         2

Dungeon Overview and Level Annotations

Branches:
Dungeon (4/15)
 Temple: D:4-7

Altars:

Shops:
D:2 (


Innate Abilities, Weirdness & Mutations

You are immune to sickness and miasma.
Your stone body is resilient. (AC +4)
You are immune to poison.
You resist negative energy. (rN+)
You are resistant to electric shocks. (rElec)
You are resistant to unholy torment.
You are immune to petrification.


Message History

Something tries to affect you, but you resist.
Something hits you. The phantom closely misses you.
You hit the phantom but do no damage.
The phantom is severely damaged.
Something hits you but does no damage. The phantom completely misses you.
Something hits you but does no damage. x2
You sock the phantom!
The phantom is almost destroyed.
The phantom hits you.
The phantom blinks!
You blink.
A magic dart appears from out of thin air!
The magic dart hits you.
* * * LOW HITPOINT WARNING * * *
Something hits you but does no damage. The phantom hits you.
* * * LOW HITPOINT WARNING * * *
The phantom blinks!
You blink.
You closely miss the phantom.
The phantom is almost destroyed.
The phantom hits you.
* * * LOW HITPOINT WARNING * * *
The phantom blinks!
You blink.
You closely miss the phantom.
The phantom is almost destroyed.
The phantom hits you but does no damage.
You closely miss the phantom.
The phantom is almost destroyed.
You hear some strange, mumbled words.
A puff of flame appears from out of thin air!
The puff of flame hits something.
The phantom hits you.
* * * LOW HITPOINT WARNING * * *
You feel very mighty all of a sudden.
You hear some strange, mumbled words.
Something tries to affect you, but you resist.
The phantom barely misses you.
You thump the phantom!
You destroy the phantom!
You hear some strange, mumbled words.
You are confused.
Something hits you but does no damage. x2
You barely miss something. Something hits you.
You die...

.. #..##.....#####... #
#..###.).......... ##..#
##........... .#
#..#####........... ...#
#..###.......######
....###.......###..######
.....#......### ##...[...
#.......### ##.......
##....@## #..######
#....{## ##..#
####......## #..##
####..........## ##..# #
........)...$..###..## .
##..............#...# .
#.................## .
##.....##...####........
. #....####..# #........


There were no monsters in sight!

Vanquished Creatures
  A phantom (D:4)
  A howler monkey (D:4)
  A hound (D:4)
  An orc priest (D:4)
  8 adders
  2 dart slugs
  A ribbon worm (D:2)
  2 orcs (D:4)
  7 endoplasms
  3 giant cockroaches (D:2)
  3 goblins
  6 hobgoblins
  A jackal (D:1)
  4 kobolds
  2 quokkas
  6 ball pythons
  5 bats
  A frilled lizard (D:1)
  2 rats
57 creatures vanquished.

Notes
Turn   | Place    | Note
-------+----------+-------------------------------------------
     0 | D:1      | Arcadio the Gargoyle Gladiator began the quest for the Orb.
     0 | D:1      | Reached XP level 1. HP: 12/12 MP: 1/1
   209 | D:1      | Reached XP level 2. HP: 18/18 MP: 2/2
   291 | D:1      | Reached skill level 1 in Armour
  1087 | D:2      | You fall into a shaft and drop 1 floor!
  1431 | D:2      | Reached XP level 3. HP: 22/22 MP: 3/3
  1676 | D:2      | Reached XP level 4. HP: 23/28 MP: 4/4
  1992 | D:2      | Found Jaucoup's Antique Weapon Shop.
  3025 | D:4      | Reached XP level 5. HP: 32/32 MP: 5/5
  3341 | D:4      | Noticed a phantom
  3383 | D:4      | Reached XP level 6. HP: 19/38 MP: 6/6
  3401 | D:4      | HP: 1/38 [phantom (3)]
  3406 | D:4      | Slain by an orc wizard

Illustrated notes

Levels and vault maps discovered:
D:1:      shiori_arrival_maze, layout_basic
D:2:      layout_rooms, serial_shops, nicolae_shop_behind_doors, minivault_26,
          nicolae_hexahallways, kennysheep_path_1
D:3:      layout_basic
D:4:      layout_layer_cave, fedhas_altar_3

Skill      XL: |  1  2  3  4  5 |
---------------+----------------+-----
Armour         | 1 2 3 |  3.6
Fighting       | 3 4 |  4.5
Maces & Flails | 4 |  4.6
Throwing       | |  1.7
Dodging        | |  2.4

Action                     |  1- 3 |  4- 6 || total
---------------------------+-------+-------++-------
  Melee: Flail             |   116 |   144 ||   260
         Punch             |       |     2 ||     2
    Use: Scroll            |     5 |       ||     5
         Potion            |       |     2 ||     2
 Armour: Leather armour    |    13 |       ||    13
         Ring mail         |    81 |    11 ||    92
         Scale mail        |       |   144 ||   144
  Dodge: Dodged            |   101 |    99 ||   200
